 Dungeon Crawl Stone Soup version 0.18.1-48-g4cf74bf (webtiles) character file.

85 meme the Grave Robber (level 4, -1/24 HPs)
             Began as a Deep Elf Necromancer on July 9, 2016.
             Killed by divine providence
             ... invoked by an orc priest
              (10 damage)
             ... on level 3 of the Dungeon.
             The game lasted 00:14:54 (1649 turns).

meme the Grave Robber (Deep Elf Necromancer)        Turns: 1649, Time: 00:14:54

Health: -1/24      AC:  2    Str:  5    XL:     4   Next: 25%
Magic:  9/12       EV: 13    Int: 20    God:
Gold:   60         SH:  0    Dex: 16    Spells: 4 memorised, 3 levels left

rFire  x . .     SeeInvis .     d - +0 short sword
rCold  + . .     Gourm    .     a - +0 robe
rNeg   . . .     Faith    .     (no shield)
rPois  .         Spirit   .     (no helmet)
rElec  .         Dismiss  .     (no cloak)
rCorr  .         Reflect  .     (no gloves)
SustAt .         Harm     .     (no boots)
MR     .....                    (no amulet)
Stlth  ++........               (no ring)
                                i - ring of ice

@: not resistant to hostile enchantments, unstealthy
A: no striking features
a: no special abilities


You were on level 3 of the Dungeon.
You were not hungry.

You visited 1 branch of the dungeon, and saw 3 of its levels.

You collected 60 gold pieces.

Inventory:

Hand Weapons
 d - a +0 short sword (weapon)
Armour
 a - a +0 robe (worn)
Jewellery
 i - a ring of ice (left hand)
Wands
 r - a wand of polymorph (15/24)
Scrolls
 e - 2 scrolls of identify
 g - a scroll of enchant weapon {unknown}
 j - a scroll of teleportation {unknown}
 m - a scroll of amnesia
 o - a scroll of enchant armour {unknown}
 p - 2 scrolls of remove curse
Potions
 f - a potion of ambrosia {unknown}
 l - a potion of lignification {unknown}
 q - a potion of curing
Books
 b - a book of Necromancy

   Spells                             Type                      Level
   a - Pain                           Necromancy                   1
   b - Animate Skeleton               Necromancy                   1
   c - Vampiric Draining              Necromancy                   3
   d - Regeneration                   Charms/Necromancy            3
   e - Animate Dead                   Necromancy                   4
   f - Control Undead                 Necromancy                   4
Comestibles
 c - 3 bread rations
 h - a chunk of flesh
 k - a beef jerky


   Skills:
 + Level 0.1 Fighting
 + Level 0.2 Short Blades
 + Level 2.7 Dodging
 + Level 2.5 Stealth
 + Level 4.6 Spellcasting
 + Level 5.9 Necromancy


You had 3 spell levels left.
You knew the following spells:

 Your Spells              Type           Power        Failure   Level  Hunger
a - Pain                  Necr           ####         1%          1    None
b - Regeneration          Chrm/Necr      ###.......   12%         3    ##.....
c - Animate Skeleton      Necr           N/A          1%          1    None
d - Animate Dead          Necr           N/A          12%         4    ####...


Dungeon Overview and Level Annotations

Branches:
Dungeon (3/15)

Altars:


Message History

You swap places.
Casting: Pain
Confirm with . or Enter, or press ? or * to list all spells.
Aiming: Pain
Press: ? - help, Shift-Dir - straight line, f - orc
Aim: an orc (chance to defeat MR: 96%)
The orc convulses in agony!
You kill the orc!
You swap places.
You swap places.
The orc priest hits your orc zombie with a club.
Your orc zombie hits the orc priest with a flail.
The orc priest mumbles some strange prayers to Beogh against you.
Beogh smites you!
Ouch! That really hurt!
The orc priest hits your orc zombie with a club.
Your orc zombie hits the orc priest but does no damage.
The orc priest invokes the aid of Beogh against you.
Beogh smites you!
You die...

##########
..Z.Z..Z.#
########.#
#.#
#.#########
#.....[...#
#########@#
#Z# #Z# #o#
#.# ..#
#..# #.)#
#.)#


You could see an orc priest and 2 friendly orc zombies.

Vanquished Creatures
  5 adders (D:2)
  A giant gecko (D:3)
  5 orcs (D:3)
  3 bats
  A giant cockroach (D:3)
  4 hobgoblins
  2 giant newts (D:1)
  5 goblins
  4 kobolds
  5 rats
35 creatures vanquished.

Vanquished Creatures (collateral kills)
  An orc (D:3)
  2 quokkas (D:2)
  A kobold (D:1)
4 creatures vanquished.

Grand Total: 39 creatures vanquished

Notes
Turn   | Place    | Note
--------------------------------------------------------------
     0 | D:1      | meme the Deep Elf Necromancer began the quest for the Orb.
     0 | D:1      | Reached XP level 1. HP: 10/10 MP: 6/6
   189 | D:1      | Reached skill level 5 in Necromancy
   205 | D:1      | Learned a level 1 spell: Animate Skeleton
   373 | D:1      | Reached XP level 2. HP: 15/15 MP: 6/8
   626 | D:2      | Reached XP level 3. HP: 14/19 MP: 6/10
  1124 | D:2      | Learned a level 3 spell: Regeneration
  1407 | D:3      | Reached XP level 4. HP: 18/24 MP: 7/12
  1413 | D:3      | Learned a level 1 spell: Animate Skeleton
  1418 | D:3      | Learned a level 4 spell: Animate Dead
  1649 | D:3      | Killed from afar by an orc priest

Skill      XL: |  1  2  3 |
---------------+----------+-----
Necromancy     | 5 |  5.9
Spellcasting   | 4 |  4.6
Fighting       | |  0.1
Short Blades   | |  0.2
Dodging        | |  2.7
Stealth        | |  2.5

Action                   |  1- 3 |  4- 6 || total
-------------------------+-------+-------++-------
Melee: Short sword       |     9 |       ||     9
 Cast: Pain              |    47 |    14 ||    61
       Animate Skeleton  |    10 |       ||    10
       Regeneration      |     1 |       ||     1
       Animate Dead      |       |     4 ||     4
  Use: Scroll            |     3 |       ||     3
       Potion            |     3 |       ||     3
  Eat: Chunk             |     2 |     1 ||     3
Armor: Robe              |     3 |       ||     3
Dodge: Dodged            |    14 |     1 ||    15
